 Dungeon Crawl Stone Soup version 0.23-a0-650-ga4d50d4d25 (webtiles) character file.

213512 Napalmbreeze the Victor of a Thousand Battles (level 18, -12/142 HPs)
             Began as a Gnoll Skald on Jan 6, 2019.
             Was the Champion of Okawaru.
             Shot with an arrow by Vashnia (26 damage)
             ... on level 2 of the Snake Pit on Jan 7, 2019.
             The game lasted 02:22:50 (36183 turns).

Napalmbreeze (GnSk)                                Turns: 36183, Time: 02:22:51

Health: -12/142    AC: 41    Str: 27    XL:     18   Next: 44%
Magic:  34/34      EV: 23    Int: 19    God:    Okawaru [******]
Gold:   1576       SH:  0    Dex: 16    Spells: 29/42 levels left

rFire    + . .     SeeInvis .   X - +7 eveningstar of the Chickpea {freeze, rC+ Str+7 Dex-4}
rCold    + . .     Gourm    .   C - +0 shield
rNeg     + . .     Faith    .   v - +10 scale mail of Ygutz {-Tele rN+ Int+4}
rPois    +         Spirit   .   O - +4 helmet of Miuwalai {rCorr}
rElec    .         Reflect  .   n - +2 cloak {+Inv}
rCorr    +         Harm     .   k - +2 pair of gloves {Dex+3}
MR       +....     NoTele   +   x - +1 pair of boots "Bohoits" {rF+ Regen+}
Stlth    +.........             Y - amulet of magic regeneration
HPRegen  0.73/turn              i - +5 ring of protection
MPRegen  0.49/turn              e - ring of poison resistance

@: confused, heroism, infused, singing, very slightly contaminated, invisible
A: distributed training, fangs 1, strong nose
}: 2/15 runes: decaying, abyssal
a: Heroism, Finesse, Renounce Religion


You were on level 2 of the Snake Pit.
You worshipped Okawaru.
Okawaru was exalted by your worship.
You were not hungry.

You visited 6 branches of the dungeon, and saw 30 of its levels.
You visited the Abyss 1 time.
You also visited: Gauntlet.

You collected 2599 gold pieces.
You spent 1023 gold pieces at shops.

Inventory:

Hand Weapons
 Q - the +1 hand axe of Ciquk {chop, +Fly rF++ rN+ MP+9 Str-3}
   (You found it on level 9 of the Dungeon)

   It inflicts extra damage upon your enemies.
   It affects your strength (-3).
   It greatly protects you from fire.
   It protects you from negative energy.
   It affects your magic capacity (+9).
   It lets you fly.
 X - the +7 eveningstar of the Chickpea (weapon) {freeze, rC+ Str+7 Dex-4}
   (Okawaru gifted it to you on level 4 of the Lair of Beasts)

   It has been specially enchanted to freeze those struck by it, causing extra
   injury to most foes and up to half again as much damage against particularly
   susceptible opponents.
   It can also slow down cold-blooded creatures.
   It affects your strength (+7).
   It affects your dexterity (-4).
   It protects you from cold.
Missiles
 u - 2 throwing nets (quivered)
Armour
 k - a +2 pair of gloves of dexterity (worn)
 n - a +2 cloak of invisibility (worn)
 v - the +10 scale mail of Ygutz (worn) {-Tele rN+ Int+4}
   (Okawaru gifted it to you on level 12 of the Dungeon)

   It affects your intelligence (+4).
   It protects you from negative energy.
   It prevents most forms of teleportation.
 x - the +1 pair of boots "Bohoits" (worn) {rF+ Regen+}
   (Okawaru gifted it to you on level 3 of the Abyss)

   It protects you from fire.
   It increases your rate of regeneration.
 C - a +0 shield (worn)
 O - the +4 helmet of Miuwalai (worn) {rCorr}
   (You found it in a Gauntlet)

   It provides partial protection from all sources of acid and corrosion.
 T - the +8 chain mail of Prudence {rF+ Int+5}
   (You found it on level 3 of the Lair of Beasts)

   It affects your intelligence (+5).
   It protects you from fire.
Jewellery
 e - a ring of poison resistance (right hand)
 i - a +5 ring of protection (left hand)
 q - the amulet of Fatigue {Gourm rElec rPois rF+ Slay-4}
   (You bought it in a shop on level 2 of the Orcish Mines)

   [amulet of the gourmand]

   It allows you to eat raw meat even when not hungry.
   It affects your accuracy and damage with ranged weapons and melee attacks
   (-4).
   It protects you from fire.
   It insulates you from electricity.
   It protects you from poison.
 J - a +4 ring of evasion
 Y - an amulet of magic regeneration (around neck)
Wands
 B - a wand of clouds (5)
 H - a wand of scattershot (4)
 M - a wand of iceblast (7)
 P - a wand of disintegration (9)
 R - a wand of digging (20)
 W - a wand of acid (5)
Scrolls
 b - 11 scrolls of teleportation
 f - 5 scrolls of magic mapping
 h - a scroll of enchant weapon
 m - 8 scrolls of fog
 o - 2 scrolls of acquirement {unknown}
 r - 5 scrolls of blinking
 t - 7 scrolls of fear
 y - 2 scrolls of summoning {unknown}
 D - 14 scrolls of remove curse
 N - a scroll of torment {unknown}
 S - a scroll of silence
Potions
 a - 5 potions of magic
 c - a potion of invisibility
 g - 4 potions of brilliance
 j - 3 potions of lignification
 l - 7 potions of curing
 p - 2 potions of mutation
 s - 4 potions of cancellation
 z - 3 potions of agility
 A - a potion of ambrosia
 E - a potion of berserk rage
 F - 2 potions of degeneration {unknown}
 K - 2 potions of haste
 L - 3 potions of might
 U - 2 potions of resistance {unknown}
 V - a potion of flight {unknown}
Miscellaneous
 G - a sack of spiders
Comestibles
 d - 35 rations


   Skills:
 + Level 12.7(17.7) Fighting
 + Level 12.0(17.0) Short Blades
 + Level 12.0(17.0) Long Blades
 + Level 12.0(17.0) Axes
 + Level 12.0(17.0) Maces & Flails
 + Level 12.7(17.7) Polearms
 + Level 12.0(17.0) Staves
 + Level 12.0(17.0) Slings
 + Level 12.0(17.0) Bows
 + Level 12.0(17.0) Crossbows
 + Level 12.0(17.0) Throwing
 + Level 12.2(17.2) Armour
 + Level 12.7(17.7) Dodging
 + Level 12.0(17.0) Stealth
 + Level 12.0(17.0) Shields
 + Level 12.0(17.0) Unarmed Combat
 + Level 12.8 Spellcasting
 + Level 10.2 Conjurations
 + Level 10.2 Hexes
 + Level 11.5 Charms
 + Level 10.2 Summonings
 + Level 10.2 Necromancy
 + Level 10.2 Translocations
 + Level 10.2 Transmutations
 + Level 10.2 Fire Magic
 + Level 10.2 Ice Magic
 + Level 10.2 Air Magic
 + Level 10.2 Earth Magic
 + Level 10.2 Poison Magic
 + Level 12.9 Invocations
 + Level 12.0 Evocations


You had 29 spell levels left.
You knew the following spells:

 Your Spells              Type           Power        Failure   Level  Hunger
a - Infusion              Chrm           ####         1%          1    None
c - Summon Lightning Spi  Summ/Air       ######..     1%          4    #......
d - Confuse               Hex            ######..     1%          3    None
q - Song of Slaying       Chrm           ######..     1%          2    None
s - Spectral Weapon       Hex/Chrm       ######..     1%          3    None

Your spell library contained the following spells:

 Spells                   Type           Power        Failure   Level  Hunger
 Animate Skeleton         Necr           N/A          1%          1    None
 Apportation              Tloc           ######       1%          1    None
 Confusing Touch          Hex            ######       1%          1    None
 Flame Tongue             Conj/Fire      #####        1%          1    None
 Magic Dart               Conj           ####         1%          1    None
 Summon Butterflies       Summ           ######..     1%          1    None
 Summon Small Mammal      Summ           ####         1%          1    None
 Corpse Rot               Necr           N/A          1%          2    None
 Searing Ray              Conj           ######       1%          2    None
 Shroud of Golubria       Chrm/Tloc      ######....   1%          2    None
 Swiftness                Chrm/Air       ######..     1%          2    None
 Throw Flame              Conj/Fire      ######       1%          2    None
 Conjure Flame            Conj/Fire      ######..     1%          3    None
 Dazzling Spray           Conj/Hex       ######       1%          3    None
 Gell's Gravitas          Tloc           ######....   1%          3    None
 Inner Flame              Hex/Fire       ######..     1%          3    None
 Lesser Beckoning         Tloc           ######....   1%          3    None
 Mephitic Cloud           Conj/Pois/Air  ######..     1%          3    None
 Portal Projectile        Hex/Tloc       ######       1%          3    None
 Regeneration             Chrm/Necr      ######....   1%          3    None
 Static Discharge         Conj/Air       ######..     1%          3    None
 Stone Arrow              Conj/Erth      ######       1%          3    None
 Tukima's Dance           Hex            ######..     1%          3    None
 Force Lance              Conj/Tloc      ######..     1%          4    #......
 Fulminant Prism          Conj/Hex       ######....   1%          4    #......
 Iskenderun's Mystic Bla  Conj           ######..     1%          4    #......
 Leda's Liquefaction      Hex/Erth       ######....   1%          4    #......
 Petrify                  Tmut/Erth      ######..     1%          4    #......
 Sticky Flame             Conj/Fire      ######..     1%          4    #......
 Alistair's Intoxication  Tmut/Pois      ######..     3%          5    ####...
 Fireball                 Conj/Fire      ######....   3%          5    ####...
 Lightning Bolt           Conj/Air       ######....   3%          5    ####...
 Metabolic Englaciation   Hex/Ice        ######....   3%          5    ####...
 Silence                  Hex/Air        ######....   3%          5    ####...
 Summon Forest            Summ/Tloc      ######....   3%          5    ####...
 Yara's Violent Unravell  Hex/Tmut       ######....   3%          5    ####...
 Conjure Ball Lightning   Conj/Air       ######....   21%         6    ######.
 Dispersal                Tloc           ######....   21%         6    ######.
 Hydra Form               Tmut           ######....   21%         6    ######.
 Invisibility             Hex            ######..     21%         6    ######.
 Poison Arrow             Conj/Pois      ######....   21%         6    ######.
 Summon Hydra             Summ           ######....   75%         7    #######
 Chain Lightning          Conj/Air       ######....   100%        8    #######
 Controlled Blink         Tloc           N/A          100%        8    #######
 Disjunction              Tloc           ######....   100%        8    #######
 Lehudib's Crystal Spear  Conj/Erth      ######....   100%        8    #######
 Fire Storm               Conj/Fire      ######....   100%        9    #######
 Glaciate                 Conj/Ice       ######....   100%        9    #######


Dungeon Overview and Level Annotations

Branches:
Dungeon (15/15)            Temple (1/1) D:5            Lair (6/6) D:9
  Swamp (4/4) Lair:2        Snake (2/4) Lair:4        Slime (0/5) Lair:6
    Orc (2/2) D:9             Elf (0/3) Orc:2        Vaults (0/5) D:14
 Depths (0/5) D:15

Altars:
Ashenzari
Cheibriados
Dithmenos
Elyvilon
Fedhas
Hepliaklqana
Okawaru
Sif Muna
Trog
Uskayaw
Vehumet
Wu Jian
Yredelemnul
Zin
The Shining One
Beogh

Shops:
D:7 %   D:8 ?   D:11 *   D:13 [*   D:14 *   Orc:2 %}=(

Annotations:
D:7 yamyam food
Lair:2 exclusion: oklob plant
Snake:2 Asterion, Vashnia
Orc:2 yumyum


Innate Abilities, Weirdness & Mutations

Your experience applies equally to all skills.
You have very sharp teeth.
Your uncanny sense of smell can sniff out nearby items.


Message History

Press: ? - help, v - describe, . - travel
Here: a naga sharpshooter, wielding a +0 arbalest and wearing a +0 robe (almost The floor.
Unknown command.
As you read the scroll of fear, it crumbles to dust.
You assume a fearsome visage.
Vashnia easily resists.
The naga sharpshooter looks frightened! x3; The green death is unaffected.
Asterion resists with almost no effort.
The naga sharpshooter looks frightened!
Vashnia shoots an arrow.
The arrow hits you!
* * * LOW HITPOINT WARNING * * *
Asterion conjures a destructive force in the name of Makhleb!
The fireball explodes!
The fireball engulfs you!
Unknown command.
Unknown command.
Unknown command.
Unknown command.
You are confused.
You feel invigorated. Asterion completely misses you.
Vashnia shoots an arrow.
The arrow hits you!!
You die...

.......... ..#...
...................
.........#.....#..#
.........#.......
##..(NNN.N.......
##........2NH..##
#......)#.......#
#......(##@.†#.#
.......#(.(((<#
........#(..(##
.......##.(###
....... ####
....... ...#...
......# ##.


You could see Vashnia, Asterion, 4 naga sharpshooters and a green death.

Vanquished Creatures
  Saint Roka (Orc:2)
  A lich (Abyss:3)
  Rupert (D:15)
  6 thorn hunters (Swamp:4)
  Kirke (D:12)
  Agnes (Snake:2)
  A nagaraja (Snake:2)
  A frost giant (D:15)
  A cacodemon (Abyss:3)
  Louise (Swamp:2)
  An ironheart preserver (D:14)
  Azrael (D:12)
  A minotaur (Gauntlet)
  5 ettins (Abyss:3)
  31 hydras
  A shambling mangrove (Swamp:2)
  A great orb of eyes (Abyss:3)
  Fannar (D:12)
  2 naga warriors
  A catoblepas (Lair:6)
  4 centaur warriors
  A death knight (D:14)
  15 alligators
  8 two-headed ogres
  A deep troll shaman (Lair:6)
  10 death yaks
  2 tengu warriors (D:15)
  A thrashing horror (Abyss:3)
  A spriggan berserker (Swamp:4)
  4 naga sharpshooters
  A shock serpent (Snake:1)
  4 orc high priests (Orc:2)
  2 spriggans (Swamp:1)
  2 sixfirhies (Abyss:3)
  A flayed ghost (Abyss:3)
  2 spriggan druids
  2 unseen horrors
  A spatial maelstrom (Abyss:3)
  9 swamp dragons (Swamp:4)
  2 wizards (D:12)
  A harpy (shapeshifter) (D:14)
  4 orc knights (Orc:2)
  A wolf spider zombie (D:15)
  A naga ritualist (Snake:2)
  2 deep elf magi (D:12)
  5 mana vipers
  4 orc sorcerers (Orc:2)
  7 cyclopes
  12 ugly things
  A salamander (Snake:1)
  15 black mambas
  A manticore (D:14)
  13 elephants
  17 spiny frogs
  3 naga magi (Snake:1)
  A rime drake (Lair:2)
  6 orange demons
  A kobold demonologist (D:13)
  14 komodo dragons
  A yaktaur (D:15)
  A silent spectre (Abyss:3)
  4 red devils (D:12)
  13 tyrant leeches
  6 trolls
  3 meliai (Gauntlet)
  A polar bear (Lair:6)
  9 hornets
  10 bog bodies
  2 raiju (Abyss:3)
  A harpy skeleton (D:14)
  19 blink frogs
  8 hippogriffs
  15 slime creatures
  2 ettin skeletons (Abyss:3)
  4 shadows (Gauntlet)
  4 centaur simulacra (Gauntlet)
  2 water elementals (D:15)
  A hog (D:12)
  3 wraiths
  4 wyverns
  2 fire elementals (D:12)
  A human (shapeshifter) (D:15)
  A tarantella (shapeshifter) (D:13)
  A chaos spawn (Abyss:3)
  49 yaks
  2 hungry ghosts
  2 steam dragons
  9 basilisks
  A spatial vortex (Abyss:3)
  2 wargs (Orc:2)
  10 vampire mosquitoes
  Edmund (D:4)
  9 nagas
  3 acid dragons
  21 swamp worms
  2 soldier ants
  A floating eye (Abyss:3)
  5 hell hounds
  9 porcupines
  3 large abominations (Abyss:3)
  2 small abominations (Abyss:3)
  9 water moccasins
  8 swamp drakes
  41 orc warriors
  4 ice beasts
  4 sky beasts
  4 black bears
  2 hornet zombies
  A necrophage (D:9)
  An eye of draining (D:13)
  5 phantoms
  16 wolves
  13 ogres
  3 boggarts (D:14)
  15 centaurs
  10 crocodiles
  2 big kobolds
  A gnoll sergeant (D:6)
  15 bullfrogs
  2 wyvern zombies
  8 scorpions
  2 water moccasin skeletons
  11 killer bees
  17 wights
  3 electric eels (D:14)
  A howler monkey (D:9)
  7 centaur zombies
  2 bullfrog zombies
  8 crimson imps
  A wyvern simulacrum (Gauntlet)
  10 hounds
  5 bullfrog skeletons
  6 centaur skeletons
  33 orc priests
  A gnoll shaman (D:9)
  4 jellies
  Natasha (thrice) (D:2)
  5 iguanas
  39 orc wizards
  18 worker ants
  10 hell rats
  A hound skeleton (D:4)
  A hound zombie (D:11)
  A worker ant zombie (D:4)
  12 gnolls
  13 adders
  2 shadow imps
  4 white imps (Abyss:3)
  An ooze (D:4)
  An adder skeleton (D:5)
  4 worms
  A dart slug (D:3)
  6 leopard geckos
  107 orcs
  5 ball pythons
  4 giant cockroaches
  6 goblins
  7 hobgoblins
  16 jackals
  14 kobolds
  4 quokkas
  7 bats
  3 frilled lizards
  A giant cockroach zombie (D:6)
  A leopard gecko skeleton (D:4)
  2 leopard gecko zombies (D:4)
  A quokka skeleton (D:4)
  2 quokka zombies
  4 rats
  A briar patch (Swamp:4)
  A butterfly (Lair:2)
  5 fungi
  A spectral weapon (D:8)
1080 creatures vanquished.

Vanquished Creatures (collateral kills)
  2 alligators (Swamp:4)
  A naga ritualist (Snake:1)
  2 black mambas (Snake:1)
  A tyrant leech (Swamp:4)
  A naga (Snake:1)
  A swamp drake (Swamp:4)
8 creatures vanquished.

Vanquished Creatures (others)
  2 humans (D:12)
  An eye of draining (D:12)
  A centaur (D:12)
  A crimson imp (D:13)
  An orc priest (Orc:2)
  An orc (Orc:2)
  7 briar patches (Swamp:4)
  8 fungi
  2 plants
  24 spectral weapons
48 creatures vanquished.

Grand Total: 1136 creatures vanquished

Notes
Turn   | Place    | Note
-------+----------+-------------------------------------------
     0 | D:1      | Napalmbreeze the Gnoll Skald began the quest for the Orb.
     0 | D:1      | Reached XP level 1. HP: 20/20 MP: 6/6
   144 | D:1      | Reached XP level 2. HP: 25/26 MP: 7/7
   451 | D:2      | Reached XP level 3. HP: 30/31 MP: 9/9
   486 | D:2      | Reached skill level 5 in Spellcasting
   625 | D:2      | Learned a level 2 spell: Song of Slaying
   629 | D:2      | Learned a level 3 spell: Spectral Weapon
   666 | D:2      | Reached skill level 1 in Invocations
   799 | D:2      | Reached skill level 1 in Short Blades
   799 | D:2      | Reached skill level 1 in Long Blades
   799 | D:2      | Reached skill level 1 in Axes
   799 | D:2      | Reached skill level 1 in Maces & Flails
   799 | D:2      | Reached skill level 1 in Staves
   799 | D:2      | Reached skill level 1 in Slings
   799 | D:2      | Reached skill level 1 in Bows
   799 | D:2      | Reached skill level 1 in Crossbows
   799 | D:2      | Reached skill level 1 in Throwing
   799 | D:2      | Reached skill level 1 in Stealth
   799 | D:2      | Reached skill level 1 in Shields
   799 | D:2      | Reached skill level 1 in Unarmed Combat
   799 | D:2      | Reached skill level 1 in Evocations
   799 | D:2      | Reached XP level 4. HP: 26/38 MP: 2/11
   822 | D:2      | Reached skill level 1 in Conjurations
   822 | D:2      | Reached skill level 1 in Hexes
   822 | D:2      | Reached skill level 1 in Summonings
   822 | D:2      | Reached skill level 1 in Necromancy
   822 | D:2      | Reached skill level 1 in Translocations
   822 | D:2      | Reached skill level 1 in Transmutations
   822 | D:2      | Reached skill level 1 in Fire Magic
   822 | D:2      | Reached skill level 1 in Ice Magic
   822 | D:2      | Reached skill level 1 in Air Magic
   822 | D:2      | Reached skill level 1 in Earth Magic
   822 | D:2      | Reached skill level 1 in Poison Magic
  1161 | D:2      | Noticed Natasha
  1174 | D:2      | Killed Natasha
  1174 | D:2      | Reached XP level 5. HP: 31/43 MP: 7/12
  1679 | D:2      | Noticed Natasha
  1686 | D:2      | Killed Natasha
  1977 | D:2      | Noticed Natasha
  1992 | D:2      | Killed Natasha
  2038 | D:2      | Reached XP level 6. HP: 45/50 MP: 4/13
  2495 | D:3      | You fall through a shaft for 3 floors!
  2496 | D:6      | Noticed a sky beast
  2508 | D:6      | Noticed a sky beast
  2523 | D:6      | Killed a sky beast
  2523 | D:6      | Reached skill level 5 in Fighting
  2523 | D:6      | Reached skill level 5 in Polearms
  2523 | D:6      | Reached skill level 5 in Dodging
  2546 | D:6      | Killed a sky beast
  2546 | D:6      | Reached XP level 7. HP: 30/56 MP: 4/15
  2714 | D:5      | Entered Level 5 of the Dungeon
  3374 | D:5      | Reached XP level 8. HP: 61/63 MP: 10/16
  3384 | D:5      | Found a staircase to the Ecumenical Temple.
  3395 | Temple   | Entered the Ecumenical Temple
  3427 | Temple   | Became a worshipper of Warmaster Okawaru
  4710 | D:5      | Reached * piety under Okawaru
  4823 | D:5      | Found a shadowy altar of Dithmenos.
  5010 | D:5      | Learned a level 3 spell: Confuse
  5138 | D:4      | Reached XP level 9. HP: 69/69 MP: 13/18
  5392 | D:3      | Found a snail-covered altar of Cheibriados.
  5656 | D:3      | Found an ornate altar of the Wu Jian Council.
  5815 | D:4      | Found a white marble altar of Elyvilon.
  6022 | D:4      | Noticed Edmund
  6035 | D:4      | Killed Edmund
  7289 | D:6      | Reached skill level 5 in Armour
  7578 | D:7      | Reached ** piety under Okawaru
  7807 | D:7      | Reached skill level 5 in Invocations
  8131 | D:7      | Found Etzom's Food Emporium.
  8202 | D:7      | Reached *** piety under Okawaru
  8202 | D:7      | Reached XP level 10. HP: 42/77 MP: 12/20
  8609 | D:8      | Found Wischaj's Magic Scroll Shop.
  8639 | D:8      | Reached skill level 5 in Short Blades
  8639 | D:8      | Reached skill level 5 in Long Blades
  8639 | D:8      | Reached skill level 5 in Axes
  8639 | D:8      | Reached skill level 5 in Maces & Flails
  8639 | D:8      | Reached skill level 5 in Staves
  8639 | D:8      | Reached skill level 5 in Slings
  8639 | D:8      | Reached skill level 5 in Bows
  8639 | D:8      | Reached skill level 5 in Crossbows
  8639 | D:8      | Reached skill level 5 in Throwing
  8639 | D:8      | Reached skill level 5 in Stealth
  8639 | D:8      | Reached skill level 5 in Shields
  8639 | D:8      | Reached skill level 5 in Unarmed Combat
  8639 | D:8      | Reached skill level 5 in Evocations
  8986 | D:8      | Noticed a two-headed ogre
  9003 | D:8      | Killed a two-headed ogre
  9003 | D:8      | Reached **** piety under Okawaru
  9003 | D:8      | Received a gift from Okawaru
  9218 | D:8      | Bought a scroll of magic mapping for 45 gold pieces
  9218 | D:8      | Bought a scroll of identify for 26 gold pieces
  9218 | D:8      | Bought a scroll of enchant armour for 97 gold pieces
  9218 | D:8      | Bought a scroll of amnesia for 45 gold pieces
  9469 | D:9      | Found a staircase to the Orcish Mines.
  9838 | D:9      | Reached ***** piety under Okawaru
  9920 | D:9      | Reached XP level 11. HP: 84/84 MP: 18/22
  9953 | D:9      | Got an iridescent hand axe
 10287 | D:9      | Found a staircase to the Lair.
 10415 | Lair:1   | Entered Level 1 of the Lair of Beasts
 10495 | Lair:1   | Reached skill level 5 in Conjurations
 10495 | Lair:1   | Reached skill level 5 in Hexes
 10495 | Lair:1   | Reached skill level 5 in Summonings
 10495 | Lair:1   | Reached skill level 5 in Necromancy
 10495 | Lair:1   | Reached skill level 5 in Translocations
 10495 | Lair:1   | Reached skill level 5 in Transmutations
 10495 | Lair:1   | Reached skill level 5 in Fire Magic
 10495 | Lair:1   | Reached skill level 5 in Ice Magic
 10495 | Lair:1   | Reached skill level 5 in Air Magic
 10495 | Lair:1   | Reached skill level 5 in Earth Magic
 10495 | Lair:1   | Reached skill level 5 in Poison Magic
 10657 | Lair:1   | Received a gift from Okawaru
 10816 | Lair:1   | Received a gift from Okawaru
 11543 | Lair:2   | Noticed a five-headed hydra
 11645 | Lair:2   | Received a gift from Okawaru
 11727 | Lair:2   | HP: 2/86 [13-headed hydra (6)]
 12333 | Lair:2   | Found a staircase to the Swamp.
 12481 | Lair:2   | a 13-headed hydra changed into a tyrant leech
 12497 | Lair:2   | Reached XP level 12. HP: 31/93 MP: 16/24
 12842 | Lair:2   | Noticed a death yak
 12865 | Lair:2   | Killed a death yak
 13362 | Lair:3   | Got an opal-encrusted chain mail
 13540 | Lair:2   | Identified the +8 chain mail of Prudence {rF+ Int+5} (You
                  | found it on level 3 of the Lair of Beasts)
 13598 | Lair:3   | Identified the +1 hand axe of Ciquk {chop, +Fly rF++ rN+
                  | MP+9 Str-3} (You found it on level 9 of the Dungeon)
 13671 | Lair:3   | Noticed a seven-headed hydra
 13722 | Lair:3   | Reached ****** piety under Okawaru
 13934 | Lair:3   | Killed a seven-headed hydra
 14240 | Lair:3   | Received a gift from Okawaru
 14858 | Lair:3   | You fall through a shaft!
 14866 | Lair:4   | Received a gift from Okawaru
 14924 | Lair:4   | Got a pair of faintly humming boots
 14930 | Lair:4   | Identified the cursed +0 pair of boots of Guphiosm {rC+}
                  | (You found it on level 4 of the Lair of Beasts)
 14988 | Lair:4   | Found a staircase to the Snake Pit.
 15226 | Lair:4   | Reached XP level 13. HP: 101/101 MP: 26/26
 15597 | Lair:4   | Got a fine eveningstar {god gift}
 15598 | Lair:4   | Identified the +7 eveningstar of the Chickpea {freeze, rC+
                  | Str+7 Dex-4} (Okawaru gifted it to you on level 4 of the
                  | Lair of Beasts)
 15705 | Lair:4   | Got a crystal whip
 15706 | Lair:4   | Identified the +5 whip of Enunwun {flame, +Blink rN+ Str+3
                  | Dex+3} (You found it on level 4 of the Lair of Beasts)
 15810 | Lair:5   | Received a gift from Okawaru
 16089 | Lair:5   | Received a gift from Okawaru
 16744 | Lair:6   | Entered Level 6 of the Lair of Beasts
 17170 | Lair:6   | Found a staircase to the Slime Pits.
 17190 | Lair:6   | Received a gift from Okawaru
 17276 | Lair:6   | Received a gift from Okawaru
 17282 | Lair:6   | Got an iridescent halberd {god gift}
 17284 | Lair:6   | Identified the +0 halberd "Fojetwo Aqots" {freeze, +Rage
                  | rPois} (Okawaru gifted it to you on level 6 of the Lair of
                  | Beasts)
 17460 | Lair:6   | Reached skill level 10 in Spellcasting
 17633 | Lair:6   | Reached XP level 14. HP: 108/109 MP: 26/28
 17692 | Lair:6   | Received a gift from Okawaru
 17967 | Lair:6   | Reached skill level 10 in Fighting
 17967 | Lair:6   | Reached skill level 10 in Polearms
 17967 | Lair:6   | Reached skill level 10 in Dodging
 18179 | D:10     | Entered Level 10 of the Dungeon
 18248 | D:10     | Received a gift from Okawaru
 19172 | D:11     | Found Liraafud's Assorted Antiques.
 19178 | D:11     | Bought a viscous dark potion for 30 gold pieces
 19441 | D:11     | Identified the +0 robe "Vasameeh" {Regen+}
 19794 | D:12     | Noticed Fannar
 19811 | D:12     | Reached skill level 10 in Invocations
 19813 | D:12     | Killed Fannar
 20245 | D:12     | Noticed Kirke
 20258 | D:12     | Killed Kirke
 20330 | D:12     | Noticed Azrael
 20355 | D:12     | Killed Azrael
 20711 | D:12     | Received a gift from Okawaru
 20816 | D:12     | Got a fine scale mail {god gift}
 20828 | D:12     | Identified the +10 scale mail of Ygutz {-Tele rN+ Int+4}
                  | (Okawaru gifted it to you on level 12 of the Dungeon)
 21176 | D:12     | Reached XP level 15. HP: 117/117 MP: 29/29
 21233 | D:12     | Identified the Papyrus of the Birds
 21372 | D:13     | Found Qeogoam's Armour Shop.
 21457 | D:13     | Found a gate leading to a gauntlet.
 21495 | Gauntlet | Entered a Gauntlet
 21495 | Gauntlet | Found a transporter.
 21495 | Gauntlet | Found a transporter.
 21495 | Gauntlet | Found a runed gate.
 21495 | Gauntlet | Found a runed gate.
 21495 | Gauntlet | Found a runed gate.
 21503 | Gauntlet | Found a transporter.
 21507 | Gauntlet | Found a transporter.
 21511 | Gauntlet | Found a runed door.
 21513 | Gauntlet | Found a runed door.
 21515 | Gauntlet | Found a transporter.
 21519 | Gauntlet | Found a transporter.
 21528 | Gauntlet | Found a transporter.
 21543 | Gauntlet | Found a transporter.
 21558 | Gauntlet | Found a transporter.
 21561 | Gauntlet | Found a transporter.
 21570 | Gauntlet | Found a transporter.
 21573 | Gauntlet | Found a transporter.
 22130 | Gauntlet | Reached skill level 10 in Armour
 22141 | Gauntlet | Got a blackened helmet
 22243 | Gauntlet | Identified the +4 helmet of Miuwalai {rCorr} (You found it
                  | in a Gauntlet)
 22340 | D:13     | Found Izxiguid's Assorted Antiques.
 22346 | D:13     | Bought a hardcover book for 300 gold pieces
 22346 | D:13     | Bought a scroll labeled GYSUTHRUSSI for 20 gold pieces
 23153 | D:13     | Learned a level 4 spell: Summon Lightning Spire
 23322 | D:14     | Reached skill level 10 in Charms
 23534 | D:14     | Reached skill level 10 in Short Blades
 23534 | D:14     | Reached skill level 10 in Long Blades
 23534 | D:14     | Reached skill level 10 in Axes
 23534 | D:14     | Reached skill level 10 in Maces & Flails
 23534 | D:14     | Reached skill level 10 in Staves
 23534 | D:14     | Reached skill level 10 in Slings
 23534 | D:14     | Reached skill level 10 in Bows
 23534 | D:14     | Reached skill level 10 in Crossbows
 23534 | D:14     | Reached skill level 10 in Throwing
 23534 | D:14     | Reached skill level 10 in Stealth
 23534 | D:14     | Reached skill level 10 in Shields
 23534 | D:14     | Reached skill level 10 in Unarmed Combat
 23534 | D:14     | Reached skill level 10 in Evocations
 23589 | D:14     | Found a gate to the Vaults.
 23769 | D:14     | Received a gift from Okawaru
 23882 | D:14     | Found Cixolew's General Store.
 24513 | D:15     | Entered Level 15 of the Dungeon
 24810 | D:15     | Found a staircase to the Depths.
 24810 | D:15     | Noticed a frost giant
 24822 | D:15     | Killed a frost giant
 24822 | D:15     | Received a gift from Okawaru
 25293 | D:15     | Noticed Rupert
 25308 | D:15     | Killed Rupert
 25308 | D:15     | Reached XP level 16. HP: 125/125 MP: 23/31
 25819 | Orc:1    | Entered Level 1 of the Orcish Mines
 25819 | Orc:1    | Found a roughly hewn altar of Beogh.
 25913 | Orc:1    | Found a bloodstained altar of Trog.
 26037 | Orc:2    | Entered Level 2 of the Orcish Mines
 26345 | Orc:1    | Received a gift from Okawaru
 26974 | Orc:2    | Found Heuh's Food Emporium.
 26991 | Orc:2    | Found a roughly hewn altar of Beogh.
 27149 | Orc:2    | Found Cosif's Gadget Shoppe.
 27628 | Orc:2    | Found a staircase to the Elven Halls.
 27721 | Orc:2    | Found Leziazuu's Jewellery Boutique.
 27822 | Orc:2    | Noticed Saint Roka
 27869 | Orc:2    | Killed Saint Roka
 28195 | Orc:2    | Found a roughly hewn altar of Beogh.
 28436 | Orc:2    | Received a gift from Okawaru
 28667 | Orc:2    | Found Simidda's Weapon Emporium.
 28734 | Orc:2    | Bought the amulet of Fatigue {Gourm rElec rPois rF+ Slay-4}
                  | for 460 gold pieces
 28904 | Swamp:1  | Entered Level 1 of the Swamp
 28946 | Swamp:1  | Received a gift from Okawaru
 29370 | Swamp:1  | Received a gift from Okawaru
 30200 | Swamp:2  | Received a gift from Okawaru
 30280 | Swamp:2  | Noticed Louise
 30282 | Swamp:2  | Cast into level 3 of the Abyss (Louise)
 30433 | Abyss:3  | Found a corrupted altar of Lugonu.
 30601 | Abyss:3  | Reached XP level 17. HP: 66/133 MP: 33/33
 30631 | Abyss:3  | Got an abyssal rune of Zot
 31079 | Abyss:3  | Noticed a lich
 31091 | Abyss:3  | Killed a lich
 31100 | Abyss:3  | Received a gift from Okawaru
 31105 | Abyss:3  | Got a pair of polished boots {god gift}
 31160 | Swamp:2  | Escaped the Abyss
 31167 | Swamp:2  | Killed Louise
 32674 | Swamp:3  | Identified the +1 pair of boots "Bohoits" {rF+ Regen+}
                  | (Okawaru gifted it to you on level 3 of the Abyss)
 33274 | Swamp:4  | Entered Level 4 of the Swamp
 33790 | Swamp:4  | Received a gift from Okawaru
 34166 | Swamp:4  | Received a gift from Okawaru
 34211 | Swamp:4  | Reached skill level 10 in Conjurations
 34211 | Swamp:4  | Reached skill level 10 in Hexes
 34211 | Swamp:4  | Reached skill level 10 in Summonings
 34211 | Swamp:4  | Reached skill level 10 in Necromancy
 34211 | Swamp:4  | Reached skill level 10 in Translocations
 34211 | Swamp:4  | Reached skill level 10 in Transmutations
 34211 | Swamp:4  | Reached skill level 10 in Fire Magic
 34211 | Swamp:4  | Reached skill level 10 in Ice Magic
 34211 | Swamp:4  | Reached skill level 10 in Air Magic
 34211 | Swamp:4  | Reached skill level 10 in Earth Magic
 34211 | Swamp:4  | Reached skill level 10 in Poison Magic
 34235 | Swamp:4  | Reached XP level 18. HP: 121/141 MP: 9/34
 34242 | Swamp:4  | Got an ivory longbow {god gift}
 34248 | Swamp:4  | Identified the +7 longbow of Waojinn {flame, rPois rN++ MR+
                  | Str-3} (Okawaru gifted it to you on level 4 of the Swamp)
 34276 | Swamp:4  | Received a gift from Okawaru
 34501 | Swamp:4  | Got a decaying rune of Zot
 34732 | Snake:1  | Entered Level 1 of the Snake Pit
 35027 | Snake:1  | Received a gift from Okawaru
 35879 | Snake:2  | Noticed Agnes
 35884 | Snake:2  | Noticed Asterion
 35887 | Snake:2  | Killed Agnes
 35900 | Snake:2  | HP: 6/142 [naga sharpshooter/bolt (12)]
 36079 | Snake:2  | Noticed Vashnia
 36183 | Snake:2  | Shot with an arrow by Vashnia

Vault maps used:
D:1:      eino_arrival_water_cross
D:2:      uniq_natasha
D:3:      cheibriados_altar_1, marbit_many_paths, minmay_liquid_box
D:4:      lemuel_crystal_altar, serial_undead, serial_undead_e, serial_undead_c,
          serial_undead_f, serial_undead_e, uniq_edmund
D:5:      grunt_dithmenos_smoke, minmay_temple_entry_large_hall, first_ration,
          roderic_serpentine_path
D:6:      chequers_serial_rivers_micro_b
D:7:      serial_shops, shop
D:8:      serial_shops, nicolae_shop_crystal
D:9:      grunt_lair_entry_orc_guard_hut, orc_0_dummy, hangedman_pestilent_swarm
D:11:     serial_shops, nicolae_shop_crystal
D:12:     cheibrodos_lost_city_excavation, minmay_beelzebubs_servants,
          uniq_azrael, uniq_kirke, uniq_fannar
D:13:     minmay_slanted_spiral_squares, serial_shops, shop,
          nicolae_shop_temple_entry_statues_fountains, gauntlet_entry_generic
D:14:     skrybe_vaults_entry_preservation, serial_shops, shop_fountains,
          minmay_holes, disabler_island
D:15:     grunt_enter_depths_snipers, nicolae_lava_and_water,
          water_boxes_lemuel, uniq_rupert
Temple:   regret_index_temple_mists
Lair:1:   columned_hall_lemuel, beast_lair_carwin_10, grunt_megastairs_2,
          serial_bayou_shore_b
Lair:2:   swamp_mist_pool, chequers_serial_rivers_marsh,
          hangedman_lair_generics_rect, lemuel_fruit_fields
Lair:4:   guppyfry_snake_entry_island
Lair:6:   grunt_lair_end_beastmaster, minmay_slime_entry_pillars,
          chequers_serial_rivers_micro_a
Swamp:1:  evilmike_swamp_ruin_house_3
Swamp:2:  nicolae_swamp_round_clearing, uniq_louise
Swamp:3:  evilmike_swamp_ruin_house_6
Swamp:4:  swamp_basic_johnstein, swamp_pool4
Snake:2:  serial_bayou_shore_a, minmay_shoptagon, uniq_vashnia, uniq_saint_roka,
          uniq_agnes, uniq_asterion
Orc:1:    basic_altar, trog_butcher_becter
Orc:2:    pubby_orc_utopia, serial_shops
Abyss:3:  guppyfry_abyss_exit_glass_guarded
Gauntlet: minmay_gauntlet_77_indecision

Skill      XL: |  1  2  3  4  5  6  7  8  9 10 11 12 13 14 15 16 17 18 |
---------------+-------------------------------------------------------+-----
Spellcasting   | 5 6 7 8 9 10 11 12 | 12.8
Invocations    | 1 2 3 4 5 6 7 8 9 10 11 12 | 12.9
Short Blades   | 1 2 3 4 5 6 7 8 9 10 11 12 | 12.0
Long Blades    | 1 2 3 4 5 6 7 8 9 10 11 12 | 12.0
Axes           | 1 2 3 4 5 6 7 8 9 10 11 12 | 12.0
Maces & Flails | 1 2 3 4 5 6 7 8 9 10 11 12 | 12.0
Staves         | 1 2 3 4 5 6 7 8 9 10 11 12 | 12.0
Slings         | 1 2 3 4 5 6 7 8 9 10 11 12 | 12.0
Bows           | 1 2 3 4 5 6 7 8 9 10 11 12 | 12.0
Crossbows      | 1 2 3 4 5 6 7 8 9 10 11 12 | 12.0
Throwing       | 1 2 3 4 5 6 7 8 9 10 11 12 | 12.0
Stealth        | 1 2 3 4 5 6 7 8 9 10 11 12 | 12.0
Shields        | 1 2 3 4 5 6 7 8 9 10 11 12 | 12.0
Unarmed Combat | 1 2 3 4 5 6 7 8 9 10 11 12 | 12.0
Evocations     | 1 2 3 4 5 6 7 8 9 10 11 12 | 12.0
Conjurations   | 1 2 3 4 5 6 7 8 9 10 | 10.2
Hexes          | 1 2 3 4 5 6 7 8 9 10 | 10.2
Summonings     | 1 2 3 4 5 6 7 8 9 10 | 10.2
Necromancy     | 1 2 3 4 5 6 7 8 9 10 | 10.2
Translocations | 1 2 3 4 5 6 7 8 9 10 | 10.2
Transmutations | 1 2 3 4 5 6 7 8 9 10 | 10.2
Fire Magic     | 1 2 3 4 5 6 7 8 9 10 | 10.2
Ice Magic      | 1 2 3 4 5 6 7 8 9 10 | 10.2
Air Magic      | 1 2 3 4 5 6 7 8 9 10 | 10.2
Earth Magic    | 1 2 3 4 5 6 7 8 9 10 | 10.2
Poison Magic   | 1 2 3 4 5 6 7 8 9 10 | 10.2
Armour         | 3 4 5 6 7 8 9 10 11 12 | 12.2
Fighting       | 5 6 7 8 9 10 11 12 | 12.7
Polearms       | 5 6 7 8 9 10 11 12 | 12.7
Dodging        | 5 6 7 8 9 10 11 12 | 12.7
Charms         | 6 7 8 9 10 11 | 11.5

Action                   |  1- 3 |  4- 6 |  7- 9 | 10-12 | 13-15 | 16-18 || total
-------------------------+-------+-------+-------+-------+-------+-------++-------
Melee: Spear             |    92 |   131 |   381 |       |       |       ||   604
       Bite              |     2 |    15 |    66 |    65 |   162 |   184 ||   494
       Punch             |     1 |       |    11 |     7 |    29 |       ||    48
       Trident           |       |       |   125 |   283 |    49 |       ||   457
       Halberd           |       |       |       |   222 |       |       ||   222
       Hand axe          |       |       |       |    24 |    97 |       ||   121
       Eveningstar       |       |       |       |       |   883 |  1058 ||  1941
Throw: Tomahawk          |       |       |       |       |       |     4 ||     4
 Cast: Infusion          |     4 |     9 |    15 |    16 |    22 |    21 ||    87
       Spectral Weapon   |     1 |     5 |    33 |    47 |    51 |    56 ||   193
       Song of Slaying   |     1 |     2 |    13 |    12 |    11 |    10 ||    49
       Confuse           |       |       |     3 |     3 |       |       ||     6
       Summon Lightning  |       |       |       |       |       |    21 ||    21
Invok: Heroism           |       |       |       |     4 |    13 |     9 ||    26
       Finesse           |       |       |       |     1 |     6 |     3 ||    10
 Abil: Evoke Flight      |       |       |       |       |     6 |     2 ||     8
       Evoke Invisibilit |       |       |       |       |       |     3 ||     3
Evoke: Wand              |       |       |       |     1 |     6 |    17 ||    24
  Use: Scroll            |       |       |     7 |    12 |    11 |     9 ||    39
       Potion            |       |       |       |       |       |    13 ||    13
 Stab: Sleeping          |     1 |     3 |    10 |     7 |       |     5 ||    26
       Distracted        |       |     1 |     2 |     2 |     6 |    13 ||    24
       Confused          |       |       |     1 |       |       |       ||     1
       Invisible         |       |       |       |       |       |     9 ||     9
       Petrified         |       |       |       |       |       |     3 ||     3
  Eat: Chunk             |       |     2 |    14 |    19 |    19 |    20 ||    74
       Ration            |       |     1 |     2 |     3 |     5 |     7 ||    18
Armor: Leather armour    |     6 |       |       |       |       |       ||     6
       Ring mail         |     4 |    32 |    50 |       |       |       ||    86
       Steam dragon scal |       |       |    31 |    48 |       |       ||    79
       Chain mail        |       |       |       |    79 |   492 |   436 ||  1007
       Scale mail        |       |       |       |       |       |    50 ||    50
Dodge: Dodged            |    48 |    61 |   269 |   472 |   672 |   688 ||  2210
Block: Shield            |       |       |       |       |   309 |   841 ||  1150

Table legend:
 A = Non-vault XP
 B = Vault XP
 C = Vault XP percentage of total XP
 D = Non-vault monster count
 E = Vault monster count
 F = Vault count percentage of total count
                 A         B        C        D         E       F
            +---------+---------+-------+---------+---------+-------
      Total |  166737 |  109545 |  39.6 |     747 |     332 |  30.8
            +---------+---------+-------+---------+---------+-------
        D:1 |      24 |       0 |   0.0 |      15 |       0 |   0.0
        D:2 |     277 |      36 |  11.5 |      24 |       1 |   4.0
        D:3 |     161 |       3 |   1.8 |      30 |       1 |   3.2
        D:4 |     358 |     269 |  42.9 |      13 |       8 |  38.1
        D:5 |    1150 |       0 |   0.0 |      30 |       0 |   0.0
        D:6 |    1160 |       0 |   0.0 |      35 |       0 |   0.0
        D:7 |    1491 |       0 |   0.0 |      34 |       0 |   0.0
        D:8 |    2648 |       0 |   0.0 |      25 |       0 |   0.0
        D:9 |    1047 |    1326 |  55.9 |      14 |       9 |  39.1
       D:10 |    3188 |       0 |   0.0 |      24 |       0 |   0.0
       D:11 |    4404 |       0 |   0.0 |      37 |       0 |   0.0
       D:12 |    5179 |   11197 |  68.4 |      28 |      23 |  45.1
       D:13 |    5808 |    5198 |  47.2 |      34 |      19 |  35.8
       D:14 |   11523 |    4970 |  30.1 |      51 |      13 |  20.3
       D:15 |   10623 |    5949 |  35.9 |      27 |       4 |  12.9
     Lair:1 |    2710 |    3712 |  57.8 |      11 |      16 |  59.3
     Lair:2 |    1497 |    2661 |  64.0 |       5 |       7 |  58.3
     Lair:3 |    7348 |       0 |   0.0 |      25 |       0 |   0.0
     Lair:4 |    7367 |     332 |   4.3 |      34 |       2 |   5.6
     Lair:5 |    6173 |       0 |   0.0 |      21 |       0 |   0.0
     Lair:6 |   11418 |    9833 |  46.3 |      39 |      21 |  35.0
    Swamp:1 |    9821 |       0 |   0.0 |      22 |       0 |   0.0
    Swamp:2 |    6604 |    1551 |  19.0 |      23 |       1 |   4.2
    Swamp:3 |   18643 |       0 |   0.0 |      40 |       0 |   0.0
    Swamp:4 |   17036 |   24544 |  59.0 |      27 |      34 |  55.7
    Snake:1 |   10618 |       0 |   0.0 |      27 |       0 |   0.0
    Snake:2 |    7649 |    2007 |  20.8 |      12 |       1 |   7.7
      Orc:1 |     812 |     238 |  22.7 |      21 |       4 |  16.0
      Orc:2 |       0 |   23461 | 100.0 |       0 |     143 | 100.0
    Abyss:3 |   10000 |    8287 |  45.3 |      19 |      12 |  38.7
   Gauntlet |       0 |    3971 | 100.0 |       0 |      13 | 100.0
            +---------+---------+-------+---------+---------+-------
